 Dungeon Crawl Stone Soup version 0.31.0-32-g396128a36d (webtiles) character file.

Game seed: 6881011553776268061

14207 tevior the Mimic (level 11, -9/138 HPs)
             Began as a White Draconian Shapeshifter on Mar 25, 2024.
             Was an Initiate of Gozag.
             Killed from afar by Jorgrun (27 damage)
             ... with an iron shot
             ... on level 1 of the Orcish Mines on Apr 6, 2024.
             The game lasted 01:05:36 (13471 turns).

tevior the Mimic (White Draconian Shapeshifter)    Turns: 13471, Time: 01:05:37

Health: -9/138     AC: 29    Str: 19    XL:     11   Next: 85%
Magic:  0/11       EV:  2    Int: 12    God:    Gozag
Gold:   1015       SH:  0    Dex: 11    Spells: 5/10 levels left

rFire   . .          .
                       - Unarmed
rCold   . . .        (no shield)
rNeg    . . .        (body armour unavailable)
rPois   +            G - melded +1 hat
rElec   .            P - melded +0 cloak
rCorr   .            (gloves currently unavailable)
SInv    .            D - melded +0 pair of boots
Will    .....        O - amulet of guardian spirit
Stlth   +            L - +4 ring of protection
HPRegen 0.43/turn    M - ring of poison resistance
MPRegen 0.12/turn

%: guardian spirit
@: mighty, tree-form, invisible (expiring)
A: stationary, stasis, torment immunity, boosted hp, (breathe frost), AC +7,
unfitting armour, (cold resistance 1), (cold-blooded)
a: Renounce Religion, Potion Petition, Call Merchant, Bribe Branch


You were on level 1 of the Orcish Mines.
You worshipped Gozag.
Gozag was most pleased with you.
You were a tree.
You visited 3 branches of the dungeon, and saw 14 of its levels.

You collected 2056 gold pieces.
You spent 122 gold pieces at shops.
You paid 919 gold pieces to Gozag.

Inventory:

Hand Weapons
 g - a +0 club
 s - a +2 sling of freezing
 T - the +12 long sword of Ypniej {freeze, Will+ Str+3 Int+3 SInv}
   (You found it on level 1 of the Lair of Beasts)

   Str+3:     It affects your strength (+3).
   Int+3:     It affects your intelligence (+3).
   Will+:     It increases your willpower.
   SInv:      It lets you see invisible.
Missiles
 l - 112 stones
 m - a boomerang (quivered)
 w - 3 throwing nets
 B - 6 poisoned darts
 U - 3 javelins
Armour
 D - a +0 pair of boots (melded)
 G - a +1 hat (melded)
 P - a +0 cloak (melded)
Magical Staves
 S - a staff of death
Jewellery
 n - a ring of ice
 L - a +4 ring of protection (left branch)
 M - a ring of poison resistance (right branch)
 O - an amulet of guardian spirit (around neck)
 V - a ring of protection from cold
Talismans
 b - a beast talisman
 c - a flux talisman
 E - a blade talisman (active)
Wands
 h - a wand of paralysis (8)
 F - a wand of mindburst (13)
 H - a wand of acid (5)
 Q - a wand of roots (12)
Scrolls
 j - 2 scrolls of vulnerability
 k - 5 scrolls of teleportation
 o - a scroll of fear
 q - 2 scrolls of fog {unknown}
 t - 2 scrolls of immolation {unknown}
 y - 2 scrolls of amnesia
 z - 3 scrolls of enchant weapon
 A - 3 scrolls of blinking
 C - a scroll of acquirement {unknown}
 I - 2 scrolls of brand weapon
 K - 2 scrolls of enchant armour {unknown}
 N - a scroll of poison {unknown}
 R - a scroll of noise {unknown}
Potions
 a - a potion of lignification
 d - 3 potions of degeneration
 e - 3 potions of brilliance
 i - 3 potions of enlightenment
 p - 2 potions of might
 r - 2 potions of magic
 u - a potion of mutation
 v - a potion of haste
 x - a potion of invisibility
 J - 2 potions of resistance


   Skills:
 - Level 7.1 Fighting
 - Level 6.0 Dodging
 + Level 9.5 Unarmed Combat
 - Level 1.0 Conjurations
 - Level 4.2 Ice Magic
 - Level 4.0 Evocations
 + Level 12.6 Shapeshifting


You had 5 spell levels left.
You knew the following spells:

 Your Spells              Type           Power      Damage    Failure   Level
a - Summon Small Mammal   Summ           0%         N/A       32%         1
b - Sting                 Conj/Alch      4%         1d3       26%         1
c - Hailstorm             Conj/Ice       6%         3d5       34%         3

Your spell library contained the following spells:

 Spells                   Type           Power      Damage    Failure   Level
 Apportation              Tloc           0%         N/A       32%         1
 Necrotise                Necr           0%         1d4       32%         1
 Summon Ice Beast         Ice/Summ       5%         N/A       38%         3
 Summon Mana Viper        Hex/Summ       0%         N/A       100%        5
 Sculpt Simulacrum        Ice/Alch       2%         N/A       100%        6
 Monstrous Menagerie      Summ           0%         N/A       100%        7


Dungeon Overview and Level Annotations

Branches:
Dungeon (11/15)            Temple (0/1) D:6            Lair (2/5) D:8
 Shoals (0/4) Lair:2          Orc (1/2) D:9
  Snake: Lair:2-3    Spider: Lair:2-3

Altars:
Cheibriados
Dithmenos
Fedhas
Gozag
Ru
Wu Jian
Xom
Zin
The Shining One

Shops:
D:2 ?   D:4 *   D:7 *

Annotations:
Orc:1 Jorgrun


Innate Abilities, Weirdness & Mutations

You are a tree.
Your roots penetrate the ground, keeping you stationary.
You cannot be teleported.
You are immune to unholy pain and torment.
Your maximum health is greatly increased.
Your equipment is partially melded.
((You can breathe waves of freezing cold which knock back foes.))
((Your icy white scales are hard. (AC +7)))
You cannot fit into any form of body armour.
((Your flesh is cold resistant. (rC+)))
((You are cold-blooded and may be slowed by cold attacks.))


Message History

Jorgrun is lightly wounded.
The orc hits you but does no damage.
Jorgrun hits you with a +0 heavy quarterstaff!!
* * * LOW HITPOINT WARNING * * *
You feel better.
The orc priest shouts!
The orc warrior is no longer distracted by gold.
The orc hits you but does no damage.
Okay, then.
You cannot teleport because you are held in place by your roots.
Unknown command.
You smack Jorgrun!
Jorgrun is moderately wounded.
The orc shouts!
Jorgrun hits you with a +0 heavy quarterstaff.
* * * LOW HITPOINT WARNING * * *
You smack Jorgrun!
Jorgrun is moderately wounded.
The orc hits you but does no damage.
You catch the helpless Jorgrun completely off-guard!
You pummel Jorgrun!!
Jorgrun is heavily wounded.
The orc priest shouts!
Jorgrun completely misses you.
You pummel Jorgrun!!
Jorgrun is severely wounded.
You flicker for a moment.
You closely miss Jorgrun.
Jorgrun is severely wounded.
Jorgrun mutters some incantations to himself.
Jorgrun hits you with a +0 heavy quarterstaff.
* * * LOW HITPOINT WARNING * * *
You pummel Jorgrun!!
Jorgrun is almost dead.
The orc hits you but does no damage.
The orc warrior hits you but does no damage.
Jorgrun gestures at you while chanting. The iron shot hits you!!
You die...
Your body crumbles into a pile of gold.

#......###.....## .#
##....#####...#.###...
##.....#........#...#
##.#.............## #
###....###)).....###
#.....#...#...###.
###.....##.#...###..
#.$..#...#...#..##..
##.o♣###......##..#..
#..og####...#####...#
##...##......###..#..
#oo.o#...##..#...#..
###....#. ##.......)
##.$### #.#..###..
#...# ####.# ###
....... ### #
#....#...# #


You could see Jorgrun (unable to see you), an orc warrior (unable to see you), 2
orc priests and 2 orcs.

Vanquished Creatures
  2 two-headed ogres
  Erica (Orc:1)
  Nergalle (D:11)
  An orc high priest (Orc:1)
  2 orc sorcerers
  A cyclops (D:11)
  A water nymph (Lair:2)
  Joseph (D:7)
  A black mamba (Lair:1)
  3 cane toads (Lair:1)
  3 trolls
  Prince Ribbit (D:7)
  A shadow (D:11)
  A wraith (D:9)
  A wyvern (D:9)
  5 yaks (D:10)
  A warg (D:8)
  5 water moccasins
  7 orc warriors
  2 sky beasts
  2 black bears
  An ice beast (D:6)
  2 wolves
  8 ogres
  A centaur (D:8)
  2 phantoms
  2 kobold brigands
  6 bullfrogs
  A gnoll sergeant (D:10)
  3 scorpions (D:6)
  9 wights
  24 killer bees
  7 electric eels
  2 howler monkeys (D:6)
  6 orc priests
  4 hounds (D:5)
  A sleepcap (D:4)
  Natasha (twice) (D:2)
  4 iguanas
  13 orc wizards
  9 adders
  5 gnolls (D:10)
  A white imp (D:5)
  A dart slug (D:4)
  2 ribbon worms
  33 orcs
  8 endoplasms
  4 giant cockroaches
  9 goblins
  A hobgoblin (D:2)
  3 jackals (D:5)
  5 quokkas
  8 ball pythons
  4 bats
  5 frilled lizards
  8 kobolds
  7 rats
254 creatures vanquished.

Vanquished Creatures (others)
  An orc wizard (D:8)
1 creature vanquished.

Grand Total: 255 creatures vanquished

Notes
Turn   | Place    | Note
-------+----------+-------------------------------------------
     0 | D:1      | tevior the Draconian Shapeshifter began the quest for the
                  | Orb.
     0 | D:1      | Reached XP level 1. HP: 16/16 MP: 1/1
    79 | D:1      | Found a faded altar of an unknown god.
   174 | D:2      | Reached XP level 2. HP: 23/23 MP: 2/2
   894 | D:2      | Reached XP level 3. HP: 21/28 MP: 3/3
   992 | D:2      | Noticed Natasha
   996 | D:2      | Killed Natasha
  1208 | D:2      | Found Rybbelio's Magic Scroll Emporium.
  1215 | D:2      | Bought a scroll of identify for 24 gold pieces
  1215 | D:2      | Bought a scroll of identify for 24 gold pieces
  1215 | D:2      | Bought a scroll of identify for 24 gold pieces
  1369 | D:2      | Noticed Natasha
  1374 | D:2      | Killed Natasha
  1375 | D:2      | Reached skill level 4 in Shapeshifting
  1375 | D:2      | Reached XP level 4. HP: 34/35 MP: 4/4
  2212 | D:3      | Found a glowing silver altar of Zin.
  2393 | D:4      | Reached XP level 5. HP: 38/40 MP: 5/5
  2564 | D:5      | Entered Level 5 of the Dungeon
  2751 | D:6      | Noticed an ogre
  2935 | D:4      | Found Plog's Assorted Antiques.
  3031 | D:4      | Reached skill level 5 in Unarmed Combat
  3526 | D:5      | Reached XP level 6. HP: 47/47 MP: 6/6
  3650 | D:5      | Reached skill level 5 in Shapeshifting
  3911 | D:5      | Your scales start taking on an icy white colour.
  3911 | D:5      | Reached XP level 7. HP: 56/57 MP: 7/7
  3911 | D:5      | Gained mutation: Your flesh is cold resistant. (rC+) [White
                  | Draconian growth]
  4007 | D:5      | Found an opulent altar of Gozag.
  4280 | D:5      | Became a worshipper of Gozag Ym Sagoz the Greedy
  4318 | D:6      | Reached skill level 6 in Shapeshifting
  4576 | D:6      | Reached skill level 5 in Fighting
  4879 | D:6      | Found a sacrificial altar of Ru.
  5003 | D:6      | Found a staircase to the Ecumenical Temple.
  5254 | D:6      | Found a blossoming altar of Fedhas.
  5283 | D:6      | Reached XP level 8. HP: 69/69 MP: 8/8
  5307 | D:6      | Reached skill level 7 in Shapeshifting
  5709 | D:7      | Noticed Prince Ribbit
  5850 | D:7      | Found a glowing golden altar of the Shining One.
  6031 | D:7      | You fall into a shaft and drop 3 floors!
  6031 | D:10     | Entered Level 10 of the Dungeon
  6253 | D:9      | Learned a level 1 spell: Summon Small Mammal
  6289 | D:9      | Reached skill level 8 in Shapeshifting
  6457 | D:9      | Noticed a two-headed ogre
  6520 | D:7      | Learned a level 1 spell: Sting
  6524 | D:7      | Killed Prince Ribbit
  6525 | D:7      | Reached XP level 9. HP: 66/79 MP: 9/9
  6581 | D:7      | Noticed Joseph
  6699 | D:7      | Killed Joseph
  7021 | D:7      | Found a shadowy altar of Dithmenos.
  7057 | D:7      | Found an ornate altar of the Wu Jian Council.
  7124 | D:7      | Found Tiuhohy's Assorted Antiques.
  7131 | D:7      | Bought a scroll of identify for 50 gold pieces
  7203 | D:7      | Reached skill level 9 in Shapeshifting
  7333 | D:7      | Reached skill level 5 in Dodging
  7646 | D:8      | Killed a two-headed ogre
  7834 | D:8      | Found a snail-covered altar of Cheibriados.
  7944 | D:8      | Reached skill level 1 in Evocations
  7954 | D:9      | Reached XP level 10. HP: 49/86 MP: 7/10
  7979 | D:9      | Reached skill level 10 in Shapeshifting
  8617 | D:9      | Noticed a cyclops
  8750 | D:8      | Found a staircase to the Lair.
  9827 | Lair:1   | Entered Level 1 of the Lair of Beasts
  9831 | Lair:1   | Noticed a cane toad
  9840 | Lair:1   | Killed a cane toad
  9851 | Lair:1   | Noticed a cane toad
  9932 | Lair:1   | Killed a cane toad
  9933 | Lair:1   | Reached skill level 11 in Shapeshifting
 10236 | Lair:1   | Noticed a cane toad
 10245 | Lair:1   | Killed a cane toad
 10494 | Lair:1   | Noticed a black mamba
 10500 | Lair:1   | Killed a black mamba
 10780 | Lair:1   | Identified the +12 long sword of Ypniej {freeze, Will+
                  | Str+3 Int+3 SInv}
 10932 | Lair:2   | Noticed a water nymph
 10943 | Lair:2   | Found a staircase to the Shoals.
 10959 | Lair:2   | Killed a water nymph
 10960 | Lair:2   | Reached XP level 11. HP: 50/92 MP: 6/11
 11248 | D:9      | Noticed a two-headed ogre
 11255 | D:9      | Killed a two-headed ogre
 11280 | D:9      | Learned a level 3 spell: Hailstorm
 11389 | D:9      | Found a staircase to the Orcish Mines.
 11486 | D:9      | Reached skill level 1 in Ice Magic
 11578 | D:10     | Found a shimmering altar of Xom.
 11578 | D:10     | Found a shimmering altar of Xom.
 11609 | D:10     | Found a shimmering altar of Xom.
 11609 | D:10     | Found a shimmering altar of Xom.
 11609 | D:10     | Found a shimmering altar of Xom.
 11636 | D:10     | Found a shimmering altar of Xom.
 12493 | D:11     | Noticed Nergalle
 12504 | D:11     | Killed Nergalle
 12505 | D:11     | Reached skill level 12 in Shapeshifting
 12927 | D:11     | Noticed a boulder beetle
 12928 | D:11     | Noticed a sun demon
 12930 | D:11     | Noticed a soul eater
 13000 | Orc:1    | Entered Level 1 of the Orcish Mines
 13005 | Orc:1    | Noticed an orc sorcerer
 13014 | Orc:1    | Noticed Erica
 13030 | D:9      | Killed an orc sorcerer
 13031 | D:9      | Reached skill level 1 in Conjurations
 13142 | Orc:1    | Killed Erica
 13280 | Orc:1    | Noticed an orc sorcerer
 13292 | Orc:1    | Killed an orc sorcerer
 13426 | Orc:1    | Noticed an orc high priest
 13442 | Orc:1    | Killed an orc high priest
 13463 | Orc:1    | Noticed Jorgrun
 13471 | Orc:1    | Killed from afar by Jorgrun

Illustrated notes

Levels and vault maps discovered:
D:1:      reono_arrival_mine, layout_basic,
          shapermc_ecumenical_altar_mp_highgroup, chequers_mini_garden
D:2:      layout_basic, serial_shops, nicolae_square_shop, uniq_natasha
D:3:      cheibrodos_old_hovel, layout_basic, zin_scriptorium
D:4:      layout_cave_pods, serial_shops, nicolae_lakefront_shop
D:5:      layout_gridville, overflow_temple_1_default
D:6:      layout_loops_corners, mainiacjoe_overflow_concentric_impassable,
          lemuel_coloured_pillars_altar, minmay_temple_entry_ruins
D:7:      layout_gridville, grunt_dithmenos_shadows,
          mainiacjoe_overflow_alcove_1, nzn_wu_jian_contemplation, serial_shops,
          nicolae_shop_just_a_little_nook, chequers_jeans, uniq_joseph,
          uniq_prince_ribbit1
D:8:      layout_loops_ring, mainiacjoe_overflow_small_starburst,
          erik_lair_orcish_takeover, kennysheep_boxes
D:9:      layout_loops_corners, erik_orc_3, nicolae_houndstooth_variations
D:10:     layout_basic, xom_redecorated, enter_bailey_5
D:11:     layout_roguey, enter_trove_3, evilmike_butchery, uniq_nergalle
Lair:1:   hellmonk_destroyed_diamonds, layout_regular_city, serial_bayou_shore_a
Lair:2:   layout_cellular_growth, nicolae_shoals_entry_flooding,
          gauntlet_entry_generic, chequers_serial_rivers_room_a,
          lemuel_fruit_tree
Orc:1:    layout_diamond_mine, uniq_sonja, uniq_jorgrun, uniq_erica

Skill      XL: |  1  2  3  4  5  6  7  8  9 10 11 |
---------------+----------------------------------+-----
Unarmed Combat | 4 5 7 9 |  9.5
Shapeshifting  | 4 5 6 8 9 11 12 | 12.6
Fighting       | 3 5 7 |  7.1
Dodging        | 3 6 |  6.0
Evocations     | 1 4 |  4.0
Ice Magic      | 4 |  4.2
Conjurations   | 1 |  1.0

Action                     |  1- 3 |  4- 6 |  7- 9 | 10-12 || total
---------------------------+-------+-------+-------+-------++-------
  Melee: Unarmed           |    66 |   156 |   254 |   447 ||   923
         Tailslap          |     6 |    20 |    48 |    38 ||   112
         Punch             |       |     1 |     3 |    17 ||    21
  Throw: Stone             |    11 |       |       |       ||    11
         Boomerang         |     4 |    31 |    35 |       ||    70
 Invoke: Potion Petition   |       |       |     1 |     1 ||     2
Ability: Breathe Frost     |       |       |     3 |     4 ||     7
  Evoke: Wand              |       |       |     1 |       ||     1
    Use: Scroll            |     6 |     3 |     6 |     4 ||    19
         Potion            |       |       |     2 |    11 ||    13
   Stab: Distracted        |       |       |       |     2 ||     2
         Invisible         |       |       |       |     4 ||     4
 Armour: Skin              |    20 |    67 |   160 |   354 ||   601
  Dodge: Dodged            |    38 |    90 |   212 |   281 ||   621
   Form: Beast             |     1 |       |       |       ||     1
         Flux              |       |       |     1 |     1 ||     2
         Blade             |       |       |       |     2 ||     2
